 Dungeon Sprint DCSS version 0.17-a0-1830-g81820eb (webtiles) character file.

49 Kidiri the Shield-Bearer (level 3, -1/24 HPs)
             Began as a Gargoyle Fighter on Sept 13, 2015.
             Slain by a water elemental (13 damage)
             ... in the Dungeon (Sprint III: "The Ten Rune Challenge").
             The game lasted 00:01:56 (521 turns).

Kidiri the Shield-Bearer (Gargoyle Fighter)          Turns: 521, Time: 00:01:56

Health: -1/24      AC: 10    Str: 19    XL:     3   Next: 77%
Magic:  3/3        EV:  8    Int:  8    God:
Gold:   30         SH:  9    Dex: 10    Spells: 0 memorised, 2 levels left

rFire  . . .     SeeInvis .     a - +0 flail
rCold  . . .     Clarity  .     b - +0 scale mail
rNeg   + . .     SustAt   .     c - +0 shield
rPois  ∞         Gourm    .     (no helmet)
rElec  +         Spirit   .     (no cloak)
rCorr  .         Warding  .     (no gloves)
rMut   .         NoTele   +     (no boots)
MR     .....                    (no amulet)
Stlth  ..........               (no ring)
                                (no ring)

@: not resistant to hostile enchantments, extremely unstealthy
A: negative energy resistance 1, electricity resistance, unbreathing,
petrification resistance, rot immunity, AC +3
a: no special abilities


You were in the Dungeon.
You were not hungry.

You visited 1 branch You collected 30 gold pieces.

Inventory:

Hand weapons
 a - a +0 flail (weapon)
Armour
 b - a +0 scale mail (worn)
 c - a +0 shield (worn)
Scrolls
 k - a scroll of blinking
 m - a scroll of torment
 q - a scroll of holy word {unknown}
 r - 2 scrolls of remove curse
Potions
 d - a potion of might
 f - 2 potions of curing
 g - a potion of heal wounds
 h - a potion of haste
 i - 2 potions of magic
 j - a potion of berserk rage
 p - a potion of cure mutation
 s - a potion of brilliance
Comestibles
 e - 2 bread rations
 o - 2 meat rations


   Skills:
 + Level 4.2 Fighting
 * Level 4.1 Maces & Flails
 * Level 4.8 Armour
 + Level 1.6 Dodging
 * Level 5.2 Shields


You had 2 spell levels left.
You didn't know any spells.

Dungeon Overview and Level Annotations

Branches:
Dungeon (1/1)

Altars:


Innate Abilities, Weirdness & Mutations

You are resistant to torment.
Your stone body is resilient (AC +3).
You are immune to poison.
You resist negative energy.
You are resistant to electric shocks.
You can survive without breathing.
You are immune to petrification.
You are immune to rotting.


Message History

You close the door.
You open the door.
A water elemental comes into view.
The water elemental moves out of view.
The water elemental barely misses you.
There is an open door to the Ecumenical Temple here.
You barely miss the water elemental. The water elemental hits you.
The water elemental engulfs you in water!
The water elemental hits you!
Ouch! That really hurt!
With effort, you pull free of the water engulfing you.
The water engulfing you falls away.
You sock the water elemental!
The water elemental is heavily damaged.
The water elemental barely misses you.
You hit the water elemental but do no damage.
The water elemental is heavily damaged.
The water elemental hits you!
Ouch! That really hurt!
You die...

▓▓▓▓▓▓▓▓▓ ▓▓▓ ▓<..#...####
##.# * ▓...#......#####..#
▓..##.......#..#..# ,*
▓##.##.##...#..#..###+#+##
##.##.###..##+#..#.......
▓#.####.##..###...'.⌠.....
▓.###..##..####.@E#...####
▓#.....##[.###....#.⌠.# _
###..##...##.....#...#
##..##....#......#+###
#..###..##.#.....# #..#
#..#####....#_ , ▓▓▓▓ ▓▓▓▓
▓▓▓▓▓▓ * , ≈* * ≈ ≈


You could see a water elemental.

Vanquished Creatures
  Jessica (D)
  A human (D)
  A phantom (D)
  3 rats (D)
6 creatures vanquished.

Vanquished Creatures (others)
  2 draconian scorchers (D)
  A yaktaur (D)
3 creatures vanquished.

Grand Total: 9 creatures vanquished

Notes
Turn   | Place    | Note
--------------------------------------------------------------
     0 | D        | Kidiri the Gargoyle Fighter began the quest for the Orb.
     0 | D        | Reached XP level 1. HP: 14/14 MP: 1/1
    42 | D        | Noticed Jessica
    48 | D        | Killed Jessica
    48 | D        | Reached skill level 4 in Fighting
    48 | D        | Reached skill level 1 in Dodging
    48 | D        | Reached XP level 2. HP: 14/20 MP: 2/2
    48 | D        | Reached XP level 3. HP: 16/24 MP: 3/3
   164 | D        | Reached skill level 5 in Shields
   178 | D        | Killed a yaktaur
   225 | D        | Killed a white draconian scorcher
   231 | D        | Killed a white draconian scorcher
   432 | D        | Gained mutation: You can spit weak poison. [potion of mutation]
   432 | D        | Gained mutation: Your mind is acute. (Int +2) [potion of mutation]
   432 | D        | Gained mutation: You passively map a small area around you. [potion of mutation]
   433 | D        | Gained mutation: You are weak. (Str -2) [potion of mutation]
   433 | D        | Gained mutation: You are very weak. (Str -4) [potion of mutation]
   434 | D        | Lost mutation: You are very weak. (Str -4) [potion of cure mutation]
   434 | D        | Lost mutation: Your mind is acute. (Int +2) [potion of cure mutation]
   434 | D        | Lost mutation: You passively map a small area around you. [potion of cure mutation]
   435 | D        | Lost mutation: You are weak. (Str -2) [potion of cure mutation]
   435 | D        | Lost mutation: You can spit weak poison. [potion of cure mutation]
   515 | D        | Noticed a water elemental
   521 | D        | Slain by a water elemental

Vault maps used:
D:        dungeon_sprint_mu

Action                   || total
-------------------------++-------
Melee: Flail             ||    41
  Use: Potion            ||     4
       Scroll            ||     3
